 Dungeon Crawl Stone Soup version 0.25.1-2-g60ff931df9 (webtiles) character file.

Game seed: 9831434498321045369

242 DearestLeader the Ducker (level 5, -2/42 HPs)
             Began as a Demonspawn Gladiator on Oct 18, 2020.
             Was an Initiate of Qazlal.
             Slain by an ogre
             ... wielding a +0 giant club
              (9 damage)
             ... on level 3 of the Dungeon.
             The game lasted 00:05:32 (3744 turns).

DearestLeader the Ducker (Demonspawn Gladiator)     Turns: 3744, Time: 00:05:32

Health: -2/42      AC: 13    Str: 16    XL:     5   Next: 81%
Magic:  5/5        EV: 11    Int:  9    God:    Qazlal [......]
Gold:   145        SH:  0    Dex: 14    Spells: 4/4 levels left

rFire    . . .     SeeInvis .   B - +1 mace (venom)
rCold    . . .     Gourm    .   (no shield)
rNeg     . . .     Faith    .   u - +0 scale mail
rPois    .         Spirit   .   c - +0 helmet
rElec    .         Reflect  .   (no cloak)
rCorr    .         Harm     .   (no gloves)
MR       .....                  s - +0 pair of boots
Stlth    ..........             (no amulet)
HPRegen  0.14/turn              A - +4 ring of protection
MPRegen  0.09/turn              (no ring)

@: no status effects
A: talons 1
a: Renounce Religion


You were on level 3 of the Dungeon.
You worshipped Qazlal.
Qazlal was noncommittal.
You were not hungry.

You visited 1 branch of the dungeon, and saw 4 of its levels.

You collected 145 gold pieces.

Inventory:

Hand Weapons
 a - a +0 war axe
 B - a +1 mace of venom (weapon)
Missiles
 d - 3 throwing nets
 p - 8 poisoned darts (quivered)
Armour
 b - a +0 leather armour
 c - a +0 helmet (worn)
 o - a +0 ring mail
 s - a +0 pair of boots (worn)
 u - a +0 scale mail (worn)
Jewellery
 A - a +4 ring of protection (left hand)
Scrolls
 h - a scroll of noise {unknown}
 i - 2 scrolls of remove curse {unknown}
 l - 5 scrolls of identify {unknown}
 n - a scroll of amnesia
 q - 2 scrolls of fear {unknown}
 r - 2 scrolls of immolation {unknown}
 t - a scroll of magic mapping {unknown}
 w - 3 scrolls of fog {unknown}
 x - a scroll of teleportation {unknown}
 y - a scroll of blinking {unknown}
Potions
 e - 2 potions of heal wounds {unknown}
 g - a potion of cancellation {unknown}
 j - a potion of degeneration {unknown}
 k - a potion of resistance {unknown}
 v - a potion of mutation {unknown}
Comestibles
 f - 5 rations


   Skills:
 + Level 3.8 Fighting
 - Level 2.6 Axes
 - Level 1.7 Throwing
 * Level 2.9 Armour
 - Level 4.0 Dodging


You had 4 spell levels left.
You didn't know any spells.
Your spell library contained the following spells:

 Spells                   Type           Power        Failure   Level  Hunger
 Animate Skeleton         Necr           N/A          82%         1    ##.....
 Apportation              Tloc           #.....       82%         1    ##.....
 Corona                   Hex            #......      82%         1    ##.....
 Summon Small Mammal      Summ           #...         82%         1    ##.....


Dungeon Overview and Level Annotations

Branches:
Dungeon (4/15)
 Temple: D:4-7

Altars:
Dithmenos
Nemelex Xobeh
Okawaru
Qazlal
Wu Jian

Annotations:
D:2 Sigmund


Innate Abilities, Weirdness & Mutations

You have sharp toenails.


Message History

Qazlal welcomes you!
Qazlal grants you and your divine allies immunity to clouds.
There is a stone staircase leading down here.
You climb downwards.
The ogre barely misses you.
The ogre hits you with a +0 giant spiked club!
There is a stone staircase leading up, spattered with blood here.
The ogre barely misses you.
The ogre hits you with a +0 giant spiked club!
You climb upwards.
There is a stone staircase leading down here.
You hit the ogre but do no damage. The ogre hits you with a +0 giant club!
* * * LOW HITPOINT WARNING * * *
The ogre closely misses you. The ogre hits you with a +0 giant club.
* * * LOW HITPOINT WARNING * * *
The ogre barely misses you.
As you read the scroll labeled YXUG RUHICZORU, it crumbles to dust.
It is a scroll of amnesia.
You feel forgetful for a moment. The ogre hits you with a +0 giant club!
You die...

.'............#....#.#######.....
.#............#....#.#...........
.#...........#########.#####.....
.#...........####8####.# #.......
.###########.##8...8##.###.......
## #.##.....##.#.........
#.#_....._#.#.........
#.##.....##.#...#####' #####
#.##8@..8##.#...#####. ....#
#.##.OO..##.#......##. ....#
#.#_....._#.#......##.
....########.##.....##.#......##.
######.......##8...8####...#####.
#.......####>### #...# #.
#.......# ####### #...# #. ####
#.....(....#..#.# ##### #. )..#
############....###########.


You could see 2 ogres.

Vanquished Creatures
  An orc priest (D:4)
  3 orc wizards
  4 adders
  2 oozes (D:1)
  2 worms (D:3)
  A dart slug (D:3)
  3 leopard geckos
  6 orcs
  3 ball pythons (D:1)
  A giant cockroach (D:1)
  6 goblins
  6 hobgoblins (D:1)
  5 jackals
  2 quokkas (D:3)
  9 bats
  4 frilled lizards
  12 kobolds
  5 rats
75 creatures vanquished.

Notes
Turn   | Place    | Note
-------+----------+-------------------------------------------
     0 | D:1      | DearestLeader the Demonspawn Gladiator began the quest for
                  | the Orb.
     0 | D:1      | Reached XP level 1. HP: 16/16 MP: 1/1
   214 | D:1      | Reached skill level 3 in Dodging
   217 | D:1      | Gained mutation: You have sharp toenails. [demonic
                  | ancestry]
   217 | D:1      | Reached XP level 2. HP: 21/23 MP: 2/2
   710 | D:1      | Reached XP level 3. HP: 28/28 MP: 3/3
  1238 | D:2      | Reached skill level 1 in Armour
  1330 | D:2      | Noticed Sigmund
  1361 | D:2      | HP: 1/29 [something/puff of flame (3)]
  1712 | D:3      | Found an iron altar of Okawaru.
  1785 | D:3      | Reached XP level 4. HP: 11/35 MP: 4/4
  2521 | D:3      | Reached XP level 5. HP: 27/41 MP: 5/5
  2710 | D:3      | Found a shadowy altar of Dithmenos.
  3033 | D:3      | Found a stormy altar of Qazlal.
  3331 | D:4      | Reached skill level 4 in Dodging
  3680 | D:4      | Noticed an ogre
  3682 | D:4      | Noticed an ogre
  3717 | D:3      | Found a sparkling altar of Nemelex Xobeh.
  3717 | D:3      | Found an ornate altar of the Wu Jian Council.
  3727 | D:3      | Became a worshipper of Qazlal Stormbringer
  3744 | D:3      | Slain by an ogre

Illustrated notes

Levels and vault maps discovered:
D:1:      dpeg_arrival_line_fractal, layout_basic
D:2:      layout_basic, chequers_ecumenical_altar_island, first_ration,
          uniq_crazy_yiuf_cottage, uniq_sigmund
D:3:      layout_basic, okawaru_trees_2, nicolae_overflow_hidden_temple
D:4:      layout_loops_ring, nicolae_overflow_crystal_walls

Skill      XL: |  1  2  3  4  5 |
---------------+----------------+-----
Dodging        | 3 4 |  4.0
Fighting       | 3 |  3.8
Armour         | 1 2 |  2.9
Axes           | |  2.6
Throwing       | |  1.7

Action                   |  1- 3 |  4- 6 || total
-------------------------+-------+-------++-------
Melee: War axe           |    47 |       ||    47
       Kick              |    20 |       ||    20
       Dagger            |    61 |   107 ||   168
       Mace              |       |     4 ||     4
  Use: Scroll            |       |     1 ||     1
  Eat: Chunk             |     3 |     6 ||     9
Armor: Leather armour    |    17 |       ||    17
       Ring mail         |    22 |     5 ||    27
       Scale mail        |       |    45 ||    45
Dodge: Dodged            |    93 |    84 ||   177
